Map: [ESL] Data-C

Players

Elazer - Winner!

  • Race: Zerg Zerg
  • Spawn Location: 3:00

Cham

  • Race: Zerg Zerg
  • Spawn Location: 9:00

Event: DreamHack SC2 Masters 2022 Atlanta (Offline)

VOD

Have the link to the VOD?

Description

Time

  • Played on: Nov. 19, 2022, 10:47 a.m.
  • Length: 10:33

All games in this series

Show
View Real Time Build Order
Export as new Build Order

Elazer Zerg - Winner!

Build Orders: Hatch First 

Get SALT Encoding   

  12  0:00  Drone  
  13  0:12  Overlord  
  13  0:17  Drone  
  14  0:30  Drone x2  
  16  0:48  Hatchery  
  15  0:51  Drone  
  15  0:54  Drone  
  17  0:57  Drone  
  18  1:08  Extractor  
  17  1:13  Spawning Pool  
  17  1:16  Drone  
  17  1:19  Drone  
  18  1:27  Drone  
  19  1:38  Drone  
  20  1:48  Drone  
  21  1:59  Queen x2  
  21  2:00  Zergling x2  
  26  2:01  Overlord  
  26  2:10  Drone x2  
  26  2:11  Metabolic Boost  
  28  2:21  Drone x2  
  30  2:33  Hatchery  
  30  2:36  Drone  
  30  2:40  Drone  
  30  2:43  Baneling Nest  
  30  2:48  Drone  
  30  2:50  Overlord  
  31  2:54  Drone  
  31  2:56  Drone  
  33  3:05  Drone x2  
  35  3:07  Drone, Overlord  
  35  3:11  Zergling x2  
  35  3:12  Zergling x2  
  38  3:20  Queen  
  38  3:25  Zergling x4  
  38  3:27  Zergling x2  
  43  3:28  Drone x2  
  45  3:36  Drone  
  45  3:38  Baneling x2  
  45  3:41  Drone x5  
  51  3:45  Overlord  
  51  3:50  Drone  
  52  3:56  Zergling x8  
  56  4:04  Zergling x4  
  56  4:09  Overlord  
  57  4:13  Drone x3  
  57  4:16  Baneling x4, Roach Warren  
  59  4:21  Zergling x6  
  62  4:29  Overlord  
  62  4:31  Extractor x2  
  60  4:34  Overlord  
  61  4:42  Spine Crawler  
  61  4:44  Spine Crawler  
  54  4:49  Overlord  
  54  4:55  Roach  
  54  4:56  Roach x7  
  70  5:01  Roach  
  70  5:07  Spine Crawler  
  71  5:08  Roach  
  71  5:10  Roach  
  71  5:11  Queen  
  77  5:26  Roach x3  
  78  5:30  Zergling x18  
  78  5:39  Roach x3  
  79  5:45  Roach  
  81  5:53  Roach x2  
  81  5:54  Zergling x8  
  88  6:00  Drone  
  88  6:02  Extractor  
  85  6:11  Drone x6  
  85  6:15  Drone  
  92  6:21  Overlord  
  92  6:22  Lair  
  92  6:23  Drone x3  
  95  6:26  Drone, Evolution Chamber  
  77  6:48  Roach x9  
  85  6:56  Overlord  
  85  7:00  Roach  
  82  7:07  Zergling x8, Baneling x2  
  82  7:08  Zergling x6  
  88  7:13  Queen  
  90  7:16  Roach x2  
  90  7:17  Roach x2  
  90  7:21  Roach x3  
  104  7:28  Roach  
  104  7:29  Roach  
  104  7:32  Roach  
  104  7:33  Roach  
  104  7:39  Roach  
  104  7:42  Roach x3  
  102  7:45  Roach x2  
  102  7:52  Roach x2  
  102  7:55  Roach  
  102  7:56  Overlord  
  106  8:00  Extractor  
  106  8:04  Drone  
  106  8:05  Roach, Overlord  
  106  8:06  Glial Reconstitution  
  106  8:19  Ravager  
  107  8:20  Overlord  
  107  8:22  Drone x7  
  107  8:23  Extractor  
  107  8:25  Overseer  
  112  8:28  Drone x3, Zerg Missile Weapons Level 1  
  112  8:33  Overlord x3  
  109  8:49  Roach x8  
  125  8:59  Overlord  
  124  9:15  Roach x10  
  144  9:23  Roach x3  
  150  9:26  Roach x2  
  150  9:30  Roach  
  156  9:34  Roach x2  
  156  9:37  Roach  
  162  9:43  Overlord x2  
  162  9:49  Overlord  
  162  10:03  Roach x5  
  162  10:04  Roach x3  
  178  10:12  Roach x4  
Show
View Real Time Build Order
Export as new Build Order

Cham Zerg 

Build Orders: Hatch First, Zergling Baneling 

Get SALT Encoding   

  12  0:00  Drone  
  13  0:09  Drone  
  14  0:17  Overlord  
  14  0:35  Drone x2  
  16  0:47  Hatchery  
  15  0:52  Drone  
  15  0:55  Drone  
  17  0:58  Drone  
  18  1:12  Spawning Pool  
  18  1:13  Extractor  
  18  1:16  Drone  
  17  1:20  Drone  
  18  1:29  Drone  
  19  1:40  Drone  
  20  1:51  Overlord  
  20  1:59  Queen x2  
  20  2:00  Drone  
  25  2:01  Drone  
  26  2:11  Drone  
  26  2:12  Drone  
  26  2:15  Metabolic Boost  
  28  2:23  Zergling x2  
  28  2:24  Drone  
  30  2:34  Hatchery  
  29  2:40  Drone  
  30  2:44  Zergling x2, Baneling Nest  
  30  2:49  Overlord  
  30  2:55  Drone x2  
  30  2:57  Drone  
  33  3:06  Drone, Overlord  
  33  3:10  Drone x2  
  36  3:14  Drone  
  36  3:17  Zergling x4  
  36  3:18  Zergling x2  
  39  3:21  Zergling x2  
  40  3:28  Roach Warren  
  40  3:31  Extractor  
  40  3:32  Zergling x4  
  40  3:35  Baneling x2  
  40  3:39  Drone x2  
  40  3:40  Drone  
  40  3:41  Drone  
  44  3:45  Drone x2  
  44  3:48  Drone  
  47  3:51  Zergling x4  
  49  3:57  Baneling x2  
  49  3:58  Overlord  
  48  4:13  Roach x5  
  48  4:14  Overlord  
  57  4:18  Roach  
  57  4:19  Roach  
  57  4:23  Roach  
  63  4:26  Roach  
  63  4:29  Overlord  
  65  4:35  Roach x2  
  69  4:40  Queen  
  69  4:41  Zergling x4  
  69  4:44  Zergling x2  
  70  4:45  Zergling x2  
  70  4:47  Zergling x2  
  70  4:48  Zergling x2  
  70  4:50  Zergling x2  
  70  4:51  Ravager  
  76  4:52  Zergling x2  
  76  4:55  Baneling x3  
  76  4:57  Baneling  
  76  4:59  Zergling x4  
  78  5:02  Zergling x2  
  79  5:09  Zergling x2  
  79  5:10  Zergling x4, Overlord  
  81  5:24  Zergling x8  
  81  5:25  Zergling x2  
  81  5:26  Zergling x4  
  74  5:30  Zergling x2  
  68  5:36  Zergling x6, Lair  
  68  5:39  Drone  
  67  5:44  Drone  
  67  5:47  Drone  
  68  5:50  Drone  
  68  5:52  Queen  
  68  5:56  Roach x2  
  75  5:59  Roach  
  62  6:08  Roach x2  
  62  6:09  Roach x4  
  62  6:10  Roach  
  76  6:15  Roach  
  76  6:17  Baneling x2  
  76  6:18  Zergling x4  
  80  6:19  Zergling x2  
  80  6:24  Roach  
  83  6:28  Roach x2  
  87  6:39  Roach x2  
  89  6:43  Roach  
  85  6:49  Zergling x2  
  85  6:50  Zergling x8  
  90  6:56  Overlord  
  78  7:02  Zergling x6  
  78  7:03  Glial Reconstitution  
  78  7:06  Zergling x2  
  78  7:07  Zergling x10  
  78  7:08  Zergling x2  
  88  7:10  Zergling x2  
  88  7:14  Zergling x2  
  88  7:15  Zergling x2  
  91  7:19  Baneling x2  
  91  7:29  Zergling x6  
  88  7:36  Drone x3  
  80  7:38  Queen  
  73  7:45  Drone x3  
  70  7:53  Drone x3  
  73  7:59  Roach x2  
  73  8:04  Overlord  
  77  8:06  Roach  
  77  8:10  Baneling x2  
  79  8:13  Baneling x2  
  79  8:15  Roach x2  
  79  8:18  Roach  
  85  8:20  Roach  
  85  8:24  Roach  
  89  8:30  Roach x2  
  89  8:31  Roach  
  95  8:35  Roach  
  95  8:45  Baneling x2  
  95  8:46  Roach  
  95  8:47  Roach  
  97  8:51  Drone  
  97  8:52  Overlord  
  97  8:53  Overlord x2  
  97  9:00  Overlord  
  97  9:01  Drone  
  97  9:09  Overlord x2  
  97  9:15  Roach x4  
  104  9:19  Roach  
  104  9:22  Roach  
  108  9:25  Roach x2  
  108  9:30  Roach x2  
  116  9:32  Roach  
  116  9:36  Drone x2  
  116  9:37  Drone  
  121  9:39  Drone  
  121  9:40  Drone  
  121  9:44  Drone x2  
  121  9:45  Drone  
  126  9:46  Drone  
  127  9:53  Roach x2  
  127  9:56  Drone x2  
  127  9:59  Roach x2  
  135  10:04  Extractor  
  135  10:05  Extractor  
  133  10:11  Roach x2  
  133  10:12  Overlord x2  
Tags
 
Add a new tag
Caveats
  • Supply blocks, unpowered buildings, or Contaminate may cause inaccurate times.
  • Supply counts are checked every 10 seconds.